 Dungeon Crawl Stone Soup version 0.27-a0-1191-g601b473118 (console) character file.

Game seed: 917536356941074288

50892 jejorda2 the Phalangite (level 14, -5/110 HPs)
             Began as a Merfolk Berserker on May 24, 2021.
             Was a High Priest of Trog.
             Slain by a dream sheep (16 damage)
             ... on level 5 of the Lair of Beasts.
             The game lasted 00:50:53 (23517 turns).

jejorda2 the Phalangite (Merfolk Berserker)        Turns: 23517, Time: 00:50:54

Health: -5/110     AC: 22    Str: 21    XL:     14   Next: 57%
Magic:  14/14      EV: 10    Int: 11    God:    Trog [*****.]
Gold:   465        SH:  0    Dex: 15    Spells: 13/13 levels left

rFire    + . .     SeeInvis +   a - +1 glaive
rCold    + + .     Faith    .   (shield currently unavailable)
rNeg     . . .     Spirit   .   G - +0 plate armour
rPois    +         Reflect  .   K - +1 hat {SInv}
rElec    +         Harm     .   E - scarf {rC+ rF+}
rCorr    +         Rampage  .   u - +3 pair of gloves of Noughts and Crosses {rPois Will+}
Will     ++++.                  z - +0 pair of boots
Stlth    ..........             I - amulet "Poufasm" {Acrobat rElec rPois rCorr}
HPRegen  1.28/turn              m - ring of protection from cold
MPRegen  0.14/turn              C - ring "Qacomic" {+Blink Fly Int+5}

@: about to teleport, sleeping, strong-willed, flying, regenerating
A: (nimble swimmer 2), mertail
a: Renounce Religion, Evoke Blink, Berserk, Trog's Hand, Brothers in Arms


You were on level 5 of the Lair of Beasts.
You worshipped Trog.
Trog was extremely pleased with you.
You visited 3 branches of the dungeon, and saw 17 of its levels.
You also visited: Ice Cave.

You collected 1313 gold pieces.
You spent 848 gold pieces at shops.

Inventory:

Hand Weapons
 a - a +1 glaive (weapon)
 b - the +8 trident "Embalmer" {venom, Str+3 Int-5 Dex+4}
   (You found it on level 11 of the Dungeon)

   It poisons the flesh of those it strikes.
   It affects your strength (+3).
   It affects your intelligence (-5).
   It affects your dexterity (+4).
 J - a +5 antimagic trident
 L - a +0 bardiche of freezing
Missiles
 f - a curare-tipped dart
 o - 34 boomerangs (quivered)
 q - 60 poisoned darts
Armour
 u - the +3 pair of gloves of Noughts and Crosses (worn) {rPois Will+}
   (You found it on level 9 of the Dungeon)

   It protects you from poison.
   It increases your willpower.
 z - a +0 pair of boots (worn)
 E - a scarf of resistance (worn)
 G - a +0 plate armour (worn)
 K - a +1 hat of see invisible (worn)
Jewellery
 m - a ring of protection from cold (left hand)
 C - the ring "Qacomic" (right hand) {+Blink Fly Int+5}
   (You found it on level 8 of the Dungeon)

   [ring of flight]

   It affects your intelligence (+5).
   It grants you flight.
   It lets you blink.
 I - the amulet "Poufasm" (around neck) {Acrobat rElec rPois rCorr}
   (You bought it in a shop on level 5 of the Dungeon)

   [amulet of the acrobat]

   It increases your evasion while moving and waiting.
   It insulates you from electricity.
   It protects you from poison.
   It protects you from acid and corrosion.
Wands
 j - a wand of charming (9)
 n - a wand of iceblast (27)
 r - a wand of polymorph (29)
 x - a wand of acid (4)
 B - a wand of flame (12)
 H - a wand of mindburst (18)
 M - a wand of paralysis (9)
Scrolls
 c - a scroll of magic mapping
 i - 3 scrolls of immolation
 v - 4 scrolls of enchant weapon
 w - a scroll of blinking
 y - a scroll of teleportation
 F - 2 scrolls of summoning
 O - 2 scrolls of fog
 P - a scroll of identify
Potions
 d - 3 potions of haste
 e - a potion of cancellation
 g - 3 potions of flight
 h - 5 potions of curing
 k - 3 potions of lignification
 l - 5 potions of attraction
 p - 2 potions of might
 s - 3 potions of berserk rage
 t - a potion of mutation {unknown}
 A - 2 potions of heal wounds
 D - a potion of resistance
 N - a potion of invisibility


   Skills:
 - Level 10.0 Fighting
 * Level 21.5 Polearms
 + Level 7.9 Throwing
 - Level 11.6 Armour
 - Level 8.0 Dodging
 - Level 7.1 Evocations


You had 13 spell levels left.
You didn't know any spells.
Your spell library was empty.

Dungeon Overview and Level Annotations

Branches:
Dungeon (11/15)            Temple (0/1) D:7            Lair (5/6) D:9
  Swamp (0/4) Lair:3        Snake (0/4) Lair:4          Orc (1/2) D:11
  IceCv (visited)
  Slime: Lair:5-6

Altars:
Ashenzari
Elyvilon
Ru
Trog
Wu Jian
Xom
Yredelemnul
The Shining One

Shops:
D:4 *   D:5 =

Annotations:
Orc:1 1 runed translucent door, Lepuefeh's ghost, journeyman MiBe


Innate Abilities, Weirdness & Mutations

((You are quick and stealthy near water. (Stealth+, EV+, Speed+++)))
Your lower body shifts to a powerful aquatic tail in water.


Message History

You kill the dream sheep!
Trog accepts your kill.
The dream sheep ruffle their wool and motes of dream dust sparkle, to no effect.
The dream sheep closely misses you.
Unknown command.
You blink.
The dream sheep shake their wool and sparkle.
You feel drowsy...
You fall asleep.
The dream sheep bites you but does no damage.
The dream sheep bites you!!
You wake up.
* * * LOW HITPOINT WARNING * * *
Unknown command.
Unknown command.
Unknown command.
Unknown command.
The dream sheep bites you but does no damage.
The dream sheep is no longer covered in acid.
The dream sheep bites the plant!
The plant begins to die.
You are overwhelmed by glittering dream dust!
You feel drowsy...
You fall asleep.
The dream sheep bites you but does no damage.
The dream sheep bites you!!
You wake up.
* * * LOW HITPOINT WARNING * * *
The dream sheep bites you but does no damage.
Unknown command.
Unknown command.
Unknown command.
Unknown command.
As you read the scroll of teleportation, it crumbles to dust.
You feel strangely unstable.
The dream sheep bites you but does no damage. x2
Unknown command.
Unknown command.
Your skin crawls.
You feel strong-willed.
The dream sheep bites you but does no damage.
The dream sheep are wreathed in dream dust.
You feel drowsy...
You fall asleep.
The dream sheep bites you!
You die...

###.# #..##P.........#...######
...## #...#.................#.#
...## ##....#.#.................
....####P........................
....#...................P#††..#.#
....##..................##.##....
........†.....#.YY...PP######....
....).........(PYYY##### .Y...
................@### ......
.................# ...YY..
...#....#######..# ........
.......## #... #........ ...≈≈.##
###. ..YY..... ..≈≈..# ..
.≈≈≈..## ## ...#...# ≈≈≈...#


You could see 5 dream sheep.

Vanquished Creatures
  Rupert (Lair:4)
  Gastronok (Lair:2)
  A reaper (IceCv)
  Fannar (D:10)
  2 boulder beetles
  6 hydras
  Erica (D:10)
  A tengu warrior (D:10)
  Pikel (D:4)
  2 oklob plants (Lair:3)
  An ugly thing (D:10)
  2 cyclopes (D:11)
  A guardian serpent (Lair:4)
  3 elephants (Lair:5)
  4 black mambas
  Maggie (D:10)
  A torpor snail (Lair:4)
  9 cane toads
  A gargoyle (D:11)
  2 ice statues (IceCv)
  2 kobold demonologists (D:11)
  4 komodo dragons
  An unseen horror (D:10)
  A rime drake (Lair:2)
  10 ice devils
  2 polar bears
  A troll (D:10)
  16 blink frogs
  Grinder (D:4)
  A meliai zombie (D:10)
  6 dream sheep
  A hornet (D:10)
  Sigmund (D:2)
  4 shadows
  2 spriggans (Lair:4)
  8 wyverns
  43 yaks
  A wraith (D:10)
  A vampire (D:11)
  A steam dragon (D:8)
  6 basilisks
  Menkaure (D:4)
  A two-headed ogre zombie (D:11)
  4 acid dragons
  Duvessa (D:6)
  9 water moccasins
  3 sky beasts
  7 orc warriors
  3 black bears
  A necrophage (D:5)
  2 ogres
  15 wolves
  9 centaurs
  3 phantoms
  5 kobold brigands
  10 bullfrogs
  3 scorpions
  2 water moccasin skeletons
  Dowan (D:6)
  A troll zombie (D:11)
  9 wights
  8 howler monkeys
  An electric eel (Lair:3)
  Crazy Yiuf (D:2)
  A bullfrog zombie (D:5)
  9 centaur zombies
  A jelly (D:6)
  2 gnoll shamans (D:7)
  4 orc priests
  3 centaur skeletons
  Jessica (D:2)
  A bullfrog skeleton (D:6)
  8 iguanas
  Natasha (thrice) (D:3)
  12 orc wizards
  2 killer bee zombies
  6 ogre zombies (D:11)
  2 howler monkey zombies
  7 gnolls (D:7)
  8 adders
  10 white imps
  8 ufetubi
  An adder skeleton (D:4)
  2 dart slugs
  23 orcs
  5 ball pythons
  A bat (D:3)
  5 endoplasms
  A giant cockroach (D:3)
  4 hobgoblins
  A jackal (D:4)
  A quokka (D:4)
  3 frilled lizards
  2 goblins
  3 goblin skeletons (D:11)
  2 goblin zombies (D:11)
  A hobgoblin skeleton (D:11)
  2 hobgoblin zombies (D:11)
  7 kobolds
  An orc skeleton (D:11)
  16 orc zombies (D:11)
  A quokka skeleton (D:4)
  5 rats
430 creatures vanquished.

Vanquished Creatures (collateral kills)
  2 yaks (Lair:2)
2 creatures vanquished.

Vanquished Creatures (others)
  A wizard (D:10)
  A wraith (D:10)
  2 howler monkeys (D:10)
  4 white imps (IceCv)
  An ufetubus (IceCv)
  12 fungi
  25 plants
46 creatures vanquished.

Grand Total: 478 creatures vanquished

Notes
Turn   | Place    | Note
-------+----------+-------------------------------------------
     0 | D:1      | jejorda2 the Merfolk Berserker began the quest for the Orb.
     0 | D:1      | Reached XP level 1. HP: 18/18 MP: 1/1
   354 | D:1      | Reached XP level 2. HP: 24/24 MP: 2/2
   595 | D:1      | Reached skill level 5 in Polearms
  1030 | D:2      | Reached XP level 3. HP: 29/29 MP: 3/3
  1036 | D:2      | Noticed Sigmund
  1048 | D:2      | Killed Sigmund
  1049 | D:2      | Reached skill level 7 in Polearms
  1049 | D:2      | Reached XP level 4. HP: 38/38 MP: 4/4
  1049 | D:2      | Reached XP level 5. HP: 43/43 MP: 5/5
  1150 | D:2      | Noticed Jessica
  1160 | D:2      | Killed Jessica
  1161 | D:2      | Reached XP level 6. HP: 41/49 MP: 6/6
  1322 | D:2      | Found a runed translucent door.
  1323 | D:2      | Noticed Crazy Yiuf
  1330 | D:2      | Killed Crazy Yiuf
  1575 | D:3      | Noticed Natasha
  1592 | D:3      | Killed Natasha
  1905 | D:3      | Found a white marble altar of Elyvilon.
  1906 | D:3      | Noticed Natasha
  1915 | D:3      | Killed Natasha
  1982 | D:3      | Noticed Natasha
  1990 | D:3      | Killed Natasha
  1991 | D:3      | Reached skill level 8 in Polearms
  2043 | D:3      | Found an ornate altar of the Wu Jian Council.
  2496 | D:4      | Noticed Grinder
  2512 | D:4      | Paralysed by Grinder for 5 turns
  2521 | D:4      | Paralysed by Grinder for 2 turns
  2526 | D:4      | Paralysed by Grinder for 7 turns
  2534 | D:4      | Paralysed by Grinder for 5 turns
  2818 | D:4      | Killed Grinder
  2818 | D:4      | Reached ** piety under Trog
  2819 | D:4      | Reached skill level 5 in Fighting
  2819 | D:4      | Reached XP level 7. HP: 56/56 MP: 7/7
  2916 | D:4      | Reached skill level 9 in Polearms
  2932 | D:4      | Noticed Menkaure
  2949 | D:4      | Killed Menkaure
  3265 | D:4      | Reached XP level 8. HP: 61/64 MP: 8/8
  3301 | D:4      | Noticed Pikel
  3327 | D:4      | Killed Pikel
  3328 | D:4      | Reached skill level 11 in Polearms
  3389 | D:4      | Found Heas's Assorted Antiques.
  3425 | D:4      | Bought a scroll labelled HEKHLA DOANWASS for 26 gold pieces
  3861 | D:5      | Entered Level 5 of the Dungeon
  4157 | D:5      | Reached skill level 12 in Polearms
  4157 | D:5      | Reached XP level 9. HP: 69/69 MP: 9/9
  4525 | D:5      | Found Tesy's Jewellery Emporium.
  4670 | D:5      | Reached skill level 5 in Armour
  5042 | D:4      | Bought a black potion for 23 gold pieces
  5042 | D:4      | Bought 2 fizzy yellow potions for 46 gold pieces
  5769 | D:6      | Reached skill level 13 in Polearms
  5961 | D:6      | Noticed Duvessa
  5961 | D:6      | Noticed Dowan
  5969 | D:6      | Killed Dowan
  5974 | D:6      | Killed Duvessa
  6544 | D:7      | Identified a scroll of acquirement
  6544 | D:7      | Acquired a manual of Armour
  6580 | D:7      | Found a staircase to the Ecumenical Temple.
  6749 | D:7      | Reached *** piety under Trog
  6790 | D:7      | Found a sacrificial altar of Ru.
  6864 | D:7      | You fall into a shaft and drop 1 floor!
  6864 | D:8      | Found a broken altar of Ashenzari.
  7067 | D:7      | Reached skill level 14 in Polearms
  7222 | D:7      | Found a large runed translucent door.
  7223 | D:7      | Found a large runed translucent door.
  7549 | D:7      | Reached XP level 10. HP: 24/76 MP: 10/10
  7866 | D:7      | Found a bloodstained altar of Trog.
  7869 | D:7      | Found a basalt altar of Yredelemnul.
  8013 | D:8      | Found a glowing golden altar of the Shining One.
  8023 | D:8      | Reached skill level 15 in Polearms
  8708 | D:8      | Noticed Maurice
  8865 | D:8      | Noticed Maurice
  8865 | D:8      | Maurice changed into Maurice the acid dragon
  8874 | D:8      | Killed Maurice the acid dragon
  8967 | D:8      | Identified the ring "Qacomic" {+Blink Fly Int+5}
  9035 | D:9      | Reached skill level 16 in Polearms
  9083 | D:9      | Noticed a boulder beetle
  9497 | D:9      | Reached skill level 17 in Polearms
  9955 | D:9      | Found a staircase to the Lair.
 10009 | D:9      | Reached skill level 18 in Polearms
 10019 | D:9      | Reached XP level 11. HP: 57/81 MP: 11/11
 10261 | D:9      | Killed a boulder beetle
 10621 | D:9      | Identified the +3 pair of gloves of Noughts and Crosses
                  | {rPois Will+}
 10722 | D:10     | Entered Level 10 of the Dungeon
 10733 | D:10     | Reached **** piety under Trog
 10781 | D:10     | Noticed a tengu warrior
 10806 | D:10     | Killed a tengu warrior
 11173 | D:10     | Noticed a six-headed hydra
 11187 | D:10     | Killed a six-headed hydra
 11188 | D:10     | Reached skill level 5 in Dodging
 11437 | D:10     | Noticed Fannar
 11454 | D:10     | Killed Fannar
 12138 | D:10     | Noticed a brown ugly thing
 12150 | D:10     | Killed a brown ugly thing
 12151 | D:10     | Reached skill level 19 in Polearms
 12511 | D:10     | Reached XP level 12. HP: 60/88 MP: 12/12
 12827 | D:10     | Reached skill level 10 in Armour
 13075 | D:10     | Noticed Maggie
 13091 | D:10     | Killed Maggie
 13335 | D:10     | Noticed Erica
 13347 | D:10     | Killed Erica
 14070 | D:11     | Found a staircase to the Orcish Mines.
 14248 | D:11     | Reached ***** piety under Trog
 14502 | D:11     | Reached skill level 1 in Evocations
 14582 | D:11     | Identified the +8 trident "Embalmer" {venom, Str+3 Int-5
                  | Dex+4}
 14605 | D:11     | Received a gift from Trog
 15230 | Orc:1    | Entered Level 1 of the Orcish Mines
 15390 | Orc:1    | Found a runed translucent door.
 15390 | Orc:1    | Noticed Lepuefeh's ghost (journeyman MiBe)
 15560 | D:5      | Bought the amulet "Poufasm" {Acrobat rElec rPois rCorr} for
                  | 753 gold pieces
 15679 | Lair:1   | Entered Level 1 of the Lair of Beasts
 15758 | Lair:1   | Reached skill level 20 in Polearms
 15932 | Lair:1   | Reached skill level 1 in Throwing
 15975 | Lair:1   | Reached XP level 13. HP: 59/93 MP: 13/13
 16235 | Lair:1   | Reached skill level 5 in Evocations
 16674 | Lair:1   | Found a shimmering altar of Xom.
 17287 | Lair:2   | Received a gift from Trog
 17343 | Lair:2   | Noticed Gastronok
 17372 | Lair:2   | Killed Gastronok
 17373 | Lair:2   | Reached skill level 5 in Throwing
 17422 | Lair:2   | Found a frozen archway.
 17444 | IceCv    | Entered an ice cave
 18328 | IceCv    | Noticed a reaper
 18354 | IceCv    | Killed a reaper
 20120 | Lair:3   | Found a staircase to the Swamp.
 20511 | Lair:2   | Reached XP level 14. HP: 100/108 MP: 14/14
 21484 | Lair:4   | Found a staircase to the Snake Pit.
 21737 | Lair:4   | Noticed Rupert
 21737 | Lair:4   | Paralysed by Rupert for 7 turns
 21759 | Lair:4   | Killed Rupert
 22086 | Lair:4   | Reached skill level 21 in Polearms
 22995 | Lair:5   | Identified the amulet "Eliptaon" {Reflect *Slow rElec Will+
                  | SH+5 Stlth+}
 23091 | Lair:5   | Reached skill level 10 in Fighting
 23517 | Lair:5   | Slain by a dream sheep

Illustrated notes

Levels and vault maps discovered:
D:1:      tarquinn_simple_flora_water_d, layout_basic
D:2:      layout_rooms, uniq_jessica, uniq_sigmund, uniq_crazy_yiuf_cottage
D:3:      layout_loops_ring, old_standard_altar,
          pdpol_wu_jian_five_deadly_venoms, uniq_natasha
D:4:      minmay_angry_zag, layout_basic, serial_shops, nicolae_shop_stone,
          uniq_menkaure, uniq_pikel, uniq_grinder
D:5:      layout_loops_corners, serial_shops,
          nicolae_shop_temple_entry_statues_fountains
D:6:      layout_basic, uniq_duvessa
D:7:      layout_loops_ring, nicolae_ru_path_of_blood, jmf_multi_god_temple2,
          minmay_temple_entry_gardened_gates
D:8:      layout_loops_cross, lemuel_round_altar, nicolae_ashenzari_panopticon,
          minivault_22, uniq_maurice
D:9:      layout_irregular_city, minmay_lair_entry_grove,
          statue_in_the_mist_lemuel, minmay_fountain_box, st_stairs_9
D:10:     nzn_winding_woodlands_stair_cross [nzn_winding_woodlands_5x15_parted,
          nzn_winding_woodlands_center_pierced_h,
          nzn_winding_woodlands_5x15_pockets,
          nzn_winding_woodlands_5x5_checkerboard,
          nzn_winding_woodlands_5x5_perimeter,
          nzn_winding_woodlands_5x15_zeroes, nzn_winding_woodlands_center_lodge,
          nzn_winding_woodlands_5x15_twine], layout_basic, kennysheep_nub,
          uniq_erica, uniq_maggie, uniq_fannar
D:11:     layout_loops_cross, zombieorc2_lemuel
Lair:1:   layout_gridlike, serial_rivers, chequers_serial_rivers_large_b,
          chequers_serial_rivers_micro_e, chequers_serial_rivers_micro_e,
          chequers_serial_rivers_marsh, chequers_serial_rivers_micro_e,
          chequers_serial_rivers_room_a, basic_altar
Lair:2:   layout_cave_pods, portal_ice_cave_demonic_guard, nzn_sisyphean_effort,
          lemuel_fruit_tree, grunt_megastairs_3, uniq_gastronok
Lair:3:   layout_gridlike, minmay_swamp_entry_reptiles,
          minmay_lair_oklob_chamber, grunt_megastairs_4,
          infiniplex_staircase_pool
Lair:4:   layout_cellular_growth, minmay_snake_entry_spellcaster,
          serial_bayou_pond_e, forest_entry_grove, uniq_rupert
Lair:5:   layout_cave_pods, chequers_serial_rivers_small_b
Orc:1:    layout_caves, gammafunk_ghost_grave, uniq_jorgrun, uniq_nergalle

Skill      XL: |  1  2  3  4  5  6  7  8  9 10 11 12 13 14 |
---------------+-------------------------------------------+-----
Polearms       | 5 7 8 9 12 14 18 19 20 21 | 21.5
Fighting       | 4 5 6 9 10 | 10.0
Armour         | 2 3 4 6 9 11 | 11.6
Dodging        | 6 8 |  8.0
Evocations     | 4 7 |  7.1
Throwing       | 2 6 7 |  7.9

Action                   |  1- 3 |  4- 6 |  7- 9 | 10-12 | 13-15 || total
-------------------------+-------+-------+-------+-------+-------++-------
Melee: Spear             |    51 |    95 |   118 |       |       ||   264
       Unarmed           |       |     2 |       |       |       ||     2
       Trident           |       |       |    93 |    23 |    68 ||   184
       Halberd           |       |       |   129 |   760 |       ||   889
       Glaive            |       |       |       |   132 |   677 ||   809
Throw: Dart              |       |       |     2 |    22 |       ||    24
       Boomerang         |       |       |       |     8 |    34 ||    42
Invok: Berserk           |     2 |     3 |     6 |    13 |     7 ||    31
       Trog's Hand       |       |       |     1 |     6 |     6 ||    13
       Brothers in Arms  |       |       |       |       |     2 ||     2
 Abil: Evoke Blink       |       |       |       |       |     1 ||     1
Evoke: Wand              |       |       |       |     5 |     1 ||     6
  Use: Scroll            |       |       |    16 |     5 |     8 ||    29
       Potion            |       |       |       |     1 |     1 ||     2
 Stab: Sleeping          |     3 |       |       |       |       ||     3
Armor: Animal skin       |     3 |       |       |       |       ||     3
       Ring mail         |     4 |    13 |    17 |       |       ||    34
       Scale mail        |       |       |    53 |       |       ||    53
       Chain mail        |       |       |    20 |   318 |       ||   338
       Plate armour      |       |       |       |   144 |   313 ||   457
Dodge: Dodged            |    21 |    24 |    84 |   192 |   291 ||   612

Table legend: (Time is in decaauts)
 A = Elapsed time spent in this place.
 B = Non-inter-level travel time spent in this place.
 C = Inter-level travel time spent in this place.
 D = Time resting spent in this place.
 E = Time spent auto-exploring this place.
 F = Levels seen in this place.
 G = Mean time per level.
                   A        B        C        D        E       F      G
               +--------+--------+--------+--------+--------+-----+--------+
         Total |  23117 |  22163 |    954 |   2993 |  15696 |  18 | 1284.3 |
       Dungeon |  15328 |  14557 |    771 |   1665 |  10718 |  11 | 1393.5 |
          Lair |   6200 |   6039 |    161 |    407 |   4618 |   5 | 1240.0 |
  Orcish Mines |    184 |    163 |     21 |      0 |    151 |   1 |  184.0 |
      Ice Cave |   1404 |   1404 |      0 |    920 |    208 |   1 | 1404.0 |
               +--------+--------+--------+--------+--------+-----+--------+

Top non-repeatable levels by time:
    D:10: 2759 daAuts
     D:9: 2102 daAuts
  Lair:4: 1770 daAuts
     D:6: 1453 daAuts
  Lair:1: 1441 daAuts
     D:7: 1405 daAuts
   IceCv: 1404 daAuts
    D:11: 1275 daAuts
  Lair:2: 1244 daAuts
     D:3: 1240 daAuts
     D:4: 1237 daAuts
  Lair:3: 1198 daAuts
     D:8: 1180 daAuts
     D:5: 1151 daAuts
     D:1: 821 daAuts
